 Dungeon Crawl Stone Soup version 0.31-a0-263-ge8cad7f256 (webtiles) character file.

Game seed: 4484831133690122061

511 HallandMoats the Trooper (level 6, 0/49 (51) HPs)
             Began as a Demonspawn Fighter on July 13, 2023.
             Slain by an iguana (5 damage)
             ... on level 4 of the Dungeon.
             The game lasted 00:04:03 (3755 turns).

HallandMoats the Trooper (Demonspawn Fighter)       Turns: 3755, Time: 00:04:04

HP:   0/49 (51)     AC:  9    Str: 18    XL:     6   Next: 99%
MP:   0/6           EV:  9    Int:  9    God:
Gold: 141           SH:  5    Dex: 13    Spells: 5/5 levels left

rFire   . . .        a - +0 war axe
rCold   . . .        c - +0 buckler
rNeg    . . .        b - +0 scale mail
rPois   .            (helmet currently unavailable)
rElec   .            (cloak currently unavailable)
rCorr   .            (gloves currently unavailable)
SInv    .            (boots currently unavailable)
Will    .....        l - amulet of guardian spirit Stlth
                     (no ring)
HPRegen 0.28/turn    (no ring)
MPRegen 0.10/turn

%: guardian spirit
@: beast-form, lightly drained
A: beast (slay +0), slimy green scales 2, demonic touch 2
a: Begin Untransformation


You were on level 4 of the Dungeon.
You were a hulking beast.
You visited 1 branch of the dungeon, and saw 5 of its levels.

You collected 141 gold pieces.

Inventory:

Hand Weapons
 a - a +0 war axe (weapon)
Armour
 b - a +0 scale mail (worn)
 c - a +0 buckler (worn)
 q - a +0 pair of boots
Jewellery
 l - an amulet of guardian spirit (around neck)
Talismans
 i - a beast talisman
Wands
 s - a wand of mindburst (11)
Scrolls
 e - a scroll of fear {unknown}
 f - a scroll of amnesia {unknown}
 h - 4 scrolls of silence {unknown}
 j - 3 scrolls of identify {unknown}
 m - a scroll of poison {unknown}
 r - a scroll of teleportation {unknown}
Potions
 d - a potion of might
 g - 2 potions of heal wounds {unknown}
 k - a potion of haste {unknown}
 n - a potion of magic {unknown}
 o - 2 potions of curing {unknown}
 p - a potion of degeneration {unknown}
 t - a potion of brilliance {unknown}
 u - a potion of lignification {unknown}


   Skills:
 * Level 5.5 Fighting
 * Level 4.5 Axes
 - Level 2.6 Armour
 + Level 4.0 Shields


You had 5 spell levels left.
You didn't know any spells.
Your spell library contained the following spells:

 Spells                   Type           Power      Damage    Failure   Level
 Summon Small Mammal      Summ           0%         N/A       86%         1
 Call Canine Familiar     Summ           0%         N/A       99%         3
 Dazzling Flash           Conj/Hex       0%         N/A       99%         3
 Summon Guardian Golem    Hex/Summ       0%         N/A       99%         3
 Volatile Blastmotes      Fire/Tloc      0%         2d10      99%         3
 Starburst                Conj/Fire      0%         6d3       100%        6
 Maxwell's Capacitive Co  Air            0%         ∞         100%        8


Dungeon Overview and Level Annotations

Branches:
Dungeon (5/15)
 Temple: D:4-7

Altars:
Dithmenos
Kikubaaqudgha
Ru


Innate Abilities, Weirdness & Mutations

You are a hulking beast.
Your limbs bulge with bestial killing power. (Slay +0)
You are mostly covered in slimy green scales. (AC +3)
Your touch may inflict irresistible damage on your foes.


Message History

The iguana hisses angrily.
The ogre hits you with a +0 giant spiked club!!
Ouch! That really hurt!
You slash the ogre!
The ogre is moderately wounded.
The ogre hits you with a +0 giant spiked club!
* * * LOW HITPOINT WARNING * * *
You slash the ogre!
The ogre is heavily wounded.
The ogre hits you with a +0 giant spiked club.
* * * LOW HITPOINT WARNING * * *
There is a stone staircase leading up here.
You climb upwards.
There is a stone staircase leading down here.
You start resting.
Magic restored.
You start resting.
HP restored.
You climb downwards.
The ogre hits you with a +0 giant spiked club!!
There is a stone staircase leading up, spattered with blood here.
The iguana bites you.
The ogre hits you with a +0 giant spiked club!!
Ouch! That really hurt!
* * * LOW HITPOINT WARNING * * *
You climb upwards.
There is a stone staircase leading down here.
The ogre attacks as you move away! The ogre closely misses you.
You block the iguana's attack. The iguana barely misses you.
The iguana attacks as you move away! The iguana closely misses you.
Things that are here:
2 stones; a +0 dagger The iguana attacks as you move away!
You block the iguana's attack. The iguana attacks as you move away!
The iguana barely misses you. The iguana attacks as you move away!
The iguana closely misses you. The iguana attacks as you move away!
The iguana bites you but does no damage.
The iguana attacks as you move away! The iguana bites you!
You die...

.#...#..........(.....#
#.....
.#......###...........#
##...#
.##..>....+...........#
##_##
.##.###.#.#......)....#
###
.##.#...#.######.######
.##.#.###.# #O# ###.#.#
#†# #.# ....#.# #.# #l#
#####.# #.# #h########
......###.# #........#
#####.#...#############.#
###.###.........# #.#
#...# #.#######.###.#
#.#####.# #.....#
#.......# #####.#
#######.# #.# ### ###


You could see an ogre and an iguana.

Vanquished Creatures
  Eustachio (D:4)
  Edmund (D:4)
  A phantom (D:4)
  Blork the orc (D:4)
  A hound (D:4)
  2 adders
  3 worms
  4 dart slugs
  An orc (D:4)
  4 endoplasms
  5 giant cockroaches
  2 goblins
  7 hobgoblins
  8 jackals
  4 kobolds
  6 ball pythons
  5 bats
  5 frilled lizards
  4 rats
65 creatures vanquished.

Notes
Turn   | Place    | Note
-------+----------+-------------------------------------------
     0 | D:1      | HallandMoats the Demonspawn Fighter began the quest for the
                  | Orb.
     0 | D:1      | Reached XP level 1. HP: 18/18 MP: 1/1
   312 | D:1      | Gained mutation: You are partially covered in slimy green
                  | scales. (AC +2) [demonic ancestry]
   312 | D:1      | Reached XP level 2. HP: 23/24 MP: 2/2
   537 | D:1      | Found a faded altar of an unknown god.
   829 | D:2      | Gained mutation: You are mostly covered in slimy green
                  | scales. (AC +3) [demonic ancestry]
   829 | D:2      | Reached XP level 3. HP: 29/29 MP: 3/3
  1412 | D:3      | Found a sacrificial altar of Ru.
  1582 | D:3      | Found an ancient bone altar of Kikubaaqudgha.
  2066 | D:4      | Gained mutation: Your touch may inflict minor irresistible
                  | damage on your foes. [demonic ancestry]
  2066 | D:4      | Reached XP level 4. HP: 34/37 MP: 4/4
  2141 | D:4      | Noticed Eustachio
  2183 | D:5      | Entered Level 5 of the Dungeon
  2244 | D:4      | Killed Eustachio
  2245 | D:4      | Reached skill level 4 in Fighting
  2245 | D:4      | Gained mutation: Your touch may inflict irresistible damage
                  | on your foes. [demonic ancestry]
  2245 | D:4      | Reached XP level 5. HP: 26/43 MP: 5/5
  2390 | D:4      | Noticed a phantom
  2405 | D:4      | Killed a phantom
  2406 | D:4      | Reached skill level 5 in Fighting
  2406 | D:4      | Reached XP level 6. HP: 46/51 MP: 6/6
  2580 | D:4      | Noticed Edmund
  2600 | D:4      | Killed Edmund
  3130 | D:4      | Noticed Blork the orc
  3141 | D:4      | Killed Blork the orc
  3491 | D:4      | Found a shadowy altar of Dithmenos.
  3741 | D:5      | HP: 2/49 [ogre/+0 giant spiked club (28)]
  3755 | D:4      | Slain by an iguana

Illustrated notes

Levels and vault maps discovered:
D:1:      wander_arrival_estate, layout_basic,
          shapermc_ecumenical_altar_hornbeckon
D:2:      wad_crossroads, layout_loops_ring
D:3:      layout_loops_ring, mainiacjoe_overflow_catwalk,
          kiku_gazebo_garden_becter
D:4:      layout_basic, marbit_many_paths, uniq_eustachio, uniq_blork_the_orc,
          uniq_edmund
D:5:      layout_loops_ring, minmay_temple_entry_fiery, serial_shops, shop,
          hangedman_decor_riveting

Skill      XL: |  1  2  3  4  5  6 |
---------------+-------------------+-----
Axes           | 2 3 4 |  4.5
Shields        | 3 4 |  4.0
Fighting       | 4 5 |  5.5
Armour         | |  2.6

Action                     |  1- 3 |  4- 6 || total
---------------------------+-------+-------++-------
  Melee: War axe           |   116 |   131 ||   247
 Armour: Scale mail        |    80 |   102 ||   182
  Dodge: Dodged            |    70 |    99 ||   169
  Block: Buckler           |    26 |    46 ||    72
   Form: Beast             |     1 |       ||     1

Table legend: (Time is in decaauts)
 A = Elapsed time spent in this place.
 B = Non-inter-level travel time spent in this place.
 C = Inter-level travel time spent in this place.
 D = Time resting spent in this place.
 E = Time spent auto-exploring this place.
 F = Levels seen in this place.
 G = Mean time per level.
                   A        B        C        D        E       F      G
               +--------+--------+--------+--------+--------+-----+--------+
         Total |   3857 |   3752 |    105 |    246 |   2697 |   5 |  771.4 |
       Dungeon |   3857 |   3752 |    105 |    246 |   2697 |   5 |  771.4 |
               +--------+--------+--------+--------+--------+-----+--------+

Top non-repeatable levels by time:
     D:4: 1688 daAuts
     D:2: 741 daAuts
     D:1: 695 daAuts
     D:3: 671 daAuts
     D:5: 60 daAuts
